 Dungeon Crawl Stone Soup version 0.32-a0-685-g93135e86f0 (webtiles) character file.

Game seed: 16189595825283785505

376 Hubris850 the Ruffian (level 6, -2/48 HPs)
             Began as a Draconian Shapeshifter on Mar 12, 2024.
             Slain by a wraith (12 damage)
             ... on level 4 of the Dungeon.
             The game lasted 00:08:51 (3690 turns).

Hubris850 the Ruffian (Draconian Shapeshifter)      Turns: 3690, Time: 00:08:52

Health: -2/48      AC:  6    Str: 16    XL:     6   Next: 44%
Magic:  8/8        EV: 13    Int: 11    God:
Gold:   192        SH:  0    Dex: 12    Spells: 6/7 levels left

rFire   . .          .
                       - Unarmed
rCold   . . .        (no shield)
rNeg    + . .        (body armour unavailable)
rPois   +            (helmet currently unavailable)
rElec   .            p - melded scarf {repulsion}
rCorr   .            (gloves currently unavailable)
SInv    .            t - melded +0 pair of boots
Will    .....        v - amulet of regeneration
Stlth   +            e - ring of positive energy
HPRegen 1.08/turn    x - ring of poison resistance
MPRegen 0.11/turn

%: no passive effects
@: beast-form, slowed, very slow
A: beast (slay +2), AC +6, unfitting armour, cold-blooded
a: Begin Untransformation


You were on level 4 of the Dungeon.
You were a hulking beast.
You visited 1 branch of the dungeon, and saw 5 of its levels.

You collected 192 gold pieces.

Inventory:

Hand Weapons
 s - a +3 hand axe of flaming
Missiles
 h - a throwing net
 u - 4 boomerangs
Armour
 p - a scarf of repulsion (melded)
 t - a +0 pair of boots (melded)
Magical Staves
 r - a staff of death
Jewellery
 d - an amulet of magic regeneration
 e - a ring of positive energy (left hand)
 v - an amulet of regeneration (around neck)
 x - a ring of poison resistance (right hand)
 y - a +6 ring of intelligence
Talismans
 b - a beast talisman (active)
 c - a flux talisman
Wands
 k - a wand of polymorph (4)
Scrolls
 f - 4 scrolls of identify {unknown}
 g - 2 scrolls of vulnerability {unknown}
 i - a scroll of acquirement {unknown}
 m - a scroll of noise {unknown}
 n - a scroll of brand weapon {unknown}
 q - a scroll of enchant armour {unknown}
Potions
 a - 2 potions of lignification
 j - a potion of curing {unknown}
 l - 3 potions of degeneration {unknown}
 o - a potion of brilliance {unknown}


   Skills:
 - Level 2.0 Fighting
 + Level 3.4 Dodging
 + Level 4.4 Unarmed Combat
 + Level 1.4 Spellcasting
 + Level 1.5 Conjurations
 + Level 4.2 Shapeshifting


You had 6 spell levels left.
You knew the following spells:

 Your Spells              Type           Power      Damage    Failure   Level
a - Magic Dart            Conj           16%        1d3       16%         1

Your spell library contained the following spells:

 Spells                   Type           Power      Damage    Failure   Level
 Searing Ray              Conj           8%         2d4       24%         2
 Momentum Strike          Conj/Tloc      4%         3d8       34%         2
 Blink                    Tloc           0%         N/A       43%         2
 Lesser Beckoning         Tloc           0%         N/A       43%         2
 Fulminant Prism          Conj/Alch      1%         3d5       92%         4


Dungeon Overview and Level Annotations

Branches:
Dungeon (5/15)
 Temple: D:4-7

Altars:

Annotations:
D:5 Sigmund


Innate Abilities, Weirdness & Mutations

You are a hulking beast.
Your limbs bulge with bestial killing power. (Slay +2)
Your plain brown scales are hard. (AC +6)
You cannot fit into any form of body armour.
You are cold-blooded and may be slowed by cold attacks.


Message History

The wraith is moderately damaged.
The wraith hits you but does no damage.
You hit the wraith but do no damage.
The wraith is moderately damaged.
The wraith hits you. The wraith drains your vigour!
You feel as though you will be slow longer.
You hit the wraith.
Your tail-slap misses the wraith.
The wraith is heavily damaged.
The wraith misses you. The wraith hits you. The wraith drains your vigour!
You feel as though you will be slow longer.
You barely miss the wraith.
The wraith is heavily damaged.
The wraith hits you!
* * * LOW HITPOINT WARNING * * *
The wraith drains your vigour!
You feel as though you will be slow longer.
You hit the wraith but do no damage.
You tail-slap the wraith, but do no damage.
Your punch misses the wraith.
The wraith is heavily damaged.
The wraith hits you!
* * * LOW HITPOINT WARNING * * *
You barely miss the wraith.
The wraith is heavily damaged.
The wraith hits you but does no damage. The wraith misses you.
Unknown command.
Aiming: Quicksilver Bolt
Press: ? - help, Shift-Dir - straight line, f - wraith
Aim: a wraith (heavily damaged, 71% to hit)
The bolt of dispelling energy hits the wraith!
The wraith is severely damaged.
The wraith hits you but does no damage.
Aiming: Quicksilver Bolt
Press: ? - help, Shift-Dir - straight line, f/p - wraith
Aim: a wraith (severely damaged, 71% to hit)
The bolt of dispelling energy hits the wraith!
The wraith is almost destroyed.
The now-empty wand crumbles to dust.
The wraith closely misses you. The wraith hits you!
You die...

..#..#...#....###.###..#
..#..'...#....# ####...#
..###########'## ###..##
..#......#.รท...###.#..##
..#......#.....#.......#
..#......#.....#.###..##
#.#......#.....#####..#
..#......'.....#......#
.........#######hW....##
.######### #..##.......##
.........# #............#
.........####.....#...###
..........###....##....#
..........#.....###....#
................# #...##
.#..............# #####
...............##


You could see a wraith.

Vanquished Creatures
  A howler monkey (D:4)
  A bombardier beetle (D:3)
  A hound (D:4)
  A gnoll bouda (D:4)
  An iguana (D:4)
  8 adders
  6 gnolls
  A white imp (D:3)
  5 ribbon worms
  2 dart slugs
  6 orcs
  7 endoplasms
  3 giant cockroaches
  8 hobgoblins
  3 jackals
  3 quokkas
  6 ball pythons
  6 bats
  3 frilled lizards
  2 goblins
  3 kobolds
  5 rats
82 creatures vanquished.

Notes
Turn   | Place    | Note
-------+----------+-------------------------------------------
     0 | D:1      | Hubris850 the Draconian Shapeshifter began the quest for
                  | the Orb.
     0 | D:1      | Reached XP level 1. HP: 16/16 MP: 1/1
   396 | D:1      | Reached XP level 2. HP: 23/23 MP: 2/2
   851 | D:2      | Reached XP level 3. HP: 29/29 MP: 3/3
  1330 | D:2      | Reached XP level 4. HP: 31/36 MP: 4/4
  2217 | D:3      | Reached XP level 5. HP: 37/41 MP: 5/5
  2228 | D:3      | Learned a level 1 spell: Magic Dart
  2844 | D:4      | Reached skill level 1 in Conjurations
  2915 | D:4      | Reached skill level 1 in Spellcasting
  3104 | D:4      | Reached XP level 6. HP: 42/48 MP: 7/7
  3676 | D:5      | Entered Level 5 of the Dungeon
  3676 | D:5      | Noticed Sigmund
  3676 | D:5      | Noticed a wraith
  3690 | D:4      | Slain by a wraith

Illustrated notes

Levels and vault maps discovered:
D:1:      evilmike_arrival_crescent, layout_loops_ring, chequers_arboretum
D:2:      layout_basic
D:3:      minmay_door_path, layout_basic
D:4:      minmay_clustersquares, layout_cave_pools, corexii_shack
D:5:      layout_cave_pods, minmay_temple_entry_slanted,
          mainiacjoe_sewer_entry_somewhere_in_here_1, uniq_sigmund, uniq_edmund

Skill      XL: |  1  2  3  4  5 |
---------------+----------------+-----
Dodging        | 2 3 |  3.4
Fighting       | 2 |  2.0
Unarmed Combat | 4 |  4.4
Shapeshifting  | 4 |  4.2
Conjurations   | 1 |  1.5
Spellcasting   | 1 |  1.4

Action                     |  1- 3 |  4- 6 || total
---------------------------+-------+-------++-------
  Melee: Unarmed           |    88 |   170 ||   258
         Tailslap          |     5 |    26 ||    31
         Punch             |     1 |     4 ||     5
   Cast: Magic Dart        |       |     6 ||     6
Ability: Begin Untransform |       |     2 ||     2
  Evoke: Wand              |       |     2 ||     2
   Stab: Sleeping          |       |     1 ||     1
 Armour: Skin              |    36 |   127 ||   163
  Dodge: Dodged            |    49 |   124 ||   173
   Form: Beast             |       |     2 ||     2

Table legend: (Time is in decaauts)
 A = Elapsed time spent in this place.
 B = Non-inter-level travel time spent in this place.
 C = Inter-level travel time spent in this place.
 D = Time resting spent in this place.
 E = Time spent auto-exploring this place.
 F = Levels seen in this place.
 G = Mean time per level.
                   A        B        C        D        E       F      G
               +--------+--------+--------+--------+--------+-----+--------+
         Total |   3680 |   3487 |    193 |    380 |   2479 |   5 |  736.0 |
       Dungeon |   3680 |   3487 |    193 |    380 |   2479 |   5 |  736.0 |
               +--------+--------+--------+--------+--------+-----+--------+

Top non-repeatable levels by time:
     D:3: 1161 daAuts
     D:2: 974 daAuts
     D:4: 902 daAuts
     D:1: 640 daAuts
     D:5: 1 daAuts
